PIO
WASHINGTON (RK+) NATIONALS @ OREM OWLZ
08/16/2099
 
TOP OF THE 1ST
Washington (Rk+) Nationals batting - Pitching for Orem Owlz : RHP Mike Sumrall
Pitching: RHP Mike Sumrall
Batting: RHB Leonard Holmes 0-0: SINGLE (Line Drive, 56D, EV 108.1 MPH)
Batting: RHB Josh Alfaro 0-0: Called Strike
Leonard Holmes steals 2nd base
0-1: Foul Ball, location: 2F
0-2: Strikes out swinging
Batting: LHB Jeremy Paula 0-0: Called Strike
Leonard Holmes is caught stealing 3rd base 2-5
0-1: Ball
1-1: Foul Ball, location: 3FF
1-2: Ball
2-2: Ball
3-2: Foul Ball, location: 3SF
3-2: Foul Ball, location: 3F
3-2: SINGLE (Groundball, 6MD, EV 105.0 MPH)
Batting: RHB Kenny Moyer 0-0: SINGLE (Groundball, 4MD, EV 95.6 MPH)
Jeremy Paula to second
Runner from 2nd tries for 3rd, SAFE, throw by CF made to third
Batting: LHB German Rodriguez 0-0: Ball
1-0: Ball
2-0: Ball
3-0: Called Strike
3-1: Base on Balls
Kenny Moyer to second
Batting: RHB Gus Novelo 0-0: Ball
1-0: Swinging Strike
1-1: Called Strike
1-2: Ball
2-2: Ball
3-2: Strikes out looking
Top of the 1st over - 0 runs, 3 hits, 0 errors, 3 left on base; Washington (Rk+) 0 - Orem 0
BOTTOM OF THE 1ST
Orem Owlz batting - Pitching for Washington (Rk+) Nationals : RHP Mike Tomlinson
Pitching: RHP Mike Tomlinson
Batting: RHB Manny Guerrero 0-0: Ball
1-0: Fly out, F8 (Flyball, 78D, EV 110.0 MPH)
Batting: RHB Adrian Harris 0-0: Ball
1-0: Called Strike
1-1: Ball
2-1: Foul Ball, location: 9LDF
2-2: Foul Ball, location: 3FF
2-2: Ball
3-2: Base on Balls
Batting: LHB Ryan Tustin 0-0: Swinging Strike
0-1: Ball
1-1: SINGLE (Line Drive, 7S, EV 92.5 MPH)
Adrian Harris to second
Batting: RHB Edgar Palomera 0-0: Grounds into double play, 6-4-3 (Groundball, 6, EV 83.8 MPH)
Bottom of the 1st over - 0 runs, 1 hit, 0 errors, 1 left on base; Washington (Rk+) 0 - Orem 0
TOP OF THE 2ND
Washington (Rk+) Nationals batting - Pitching for Orem Owlz : RHP Mike Sumrall
Batting: SHB Ross Mitchel 0-0: Ball
1-0: Ball
2-0: DOUBLE (Flyball, 89XD, EV 107.5 MPH)
Batting: RHB Jim Miller 0-0: Called Strike
0-1: Fly out, F7 (Flyball, 78M, EV 93.8 MPH)
Batting: RHB Bob Ojeda 0-0: Ball
1-0: Foul Ball, location: 2F
1-1: DOUBLE (Line Drive, 78XD, EV 98.8 MPH)
Ross Mitchel scores
Batting: RHB Leonard Holmes 0-0: Swinging Strike
0-1: Swinging Strike
0-2: Ball
1-2: Strikes out swinging
Batting: RHB Josh Alfaro 0-0: Ball
1-0: Ball
2-0: Swinging Strike
2-1: Ground out 1-3 (Groundball, 34S, EV 70.6 MPH)
Top of the 2nd over - 1 run, 2 hits, 0 errors, 1 left on base; Washington (Rk+) 1 - Orem 0
BOTTOM OF THE 2ND
Orem Owlz batting - Pitching for Washington (Rk+) Nationals : RHP Mike Tomlinson
Batting: RHB Greg Buchholtz 0-0: Ground out 5-3 (Groundball, 56, EV 80.0 MPH)
Batting: RHB Bill Payne 0-0: Foul Ball, location: 2F
0-1: Ball
1-1: Fly out, F4 (Popup, 4M, EV 78.1 MPH)
Batting: RHB Rich Howes 0-0: Foul Ball, location: 9LDF
0-1: Swinging Strike
0-2: SINGLE (Groundball, 6M, EV 106.3 MPH) (infield hit)
Batting: RHB Brent Little 0-0: Foul Ball, location: 9LMF
0-1: Ball
1-1: Ball
2-1: Foul Ball, location: 2F
2-2: Hit by Pitch
Rich Howes to second
Batting: RHB Brian Hudson 0-0: Ball
1-0: Foul Ball, location: 7LMF
1-1: Ground out 4-3 (Groundball, 4MS, EV 79.4 MPH)
Bottom of the 2nd over - 0 runs, 1 hit, 0 errors, 2 left on base; Washington (Rk+) 1 - Orem 0
TOP OF THE 3RD
Washington (Rk+) Nationals batting - Pitching for Orem Owlz : RHP Mike Sumrall
Batting: LHB Jeremy Paula 0-0: Called Strike
0-1: Ground out 1-3 (Groundball, 23, EV 72.5 MPH)
Batting: RHB Kenny Moyer 0-0: Ball
1-0: Called Strike
1-1: SINGLE (Line Drive, 89S, EV 104.4 MPH)
Batting: LHB German Rodriguez 0-0: Ball
1-0: Fielders Choice at 2nd, 4-6 (Groundball, 34D, EV 101.9 MPH)
Batting: RHB Gus Novelo 0-0: Ball
German Rodriguez steals 2nd base
1-0: Ball
2-0: Ground out 5-3 (Groundball, 5L, EV 97.5 MPH)
Top of the 3rd over - 0 runs, 1 hit, 0 errors, 1 left on base; Washington (Rk+) 1 - Orem 0
BOTTOM OF THE 3RD
Orem Owlz batting - Pitching for Washington (Rk+) Nationals : RHP Mike Tomlinson
Batting: RHB Manny Guerrero 0-0: Ball
1-0: Ball
2-0: Called Strike
2-1: Foul Ball, location: 2F
2-2: Ball
3-2: DOUBLE (Line Drive, 89XD, EV 105.6 MPH)
Batting: RHB Adrian Harris 0-0: Ball
1-0: Ball
2-0: Called Strike
2-1: Foul Ball, location: 2F
2-2: Foul Ball, location: 7LMF
2-2: Foul Ball, location: 2F
2-2: Fielders Choice attempt at 3rd, Runner SAFE. 6-5 (Groundball, 6, EV 87.5 MPH)
Batting: LHB Ryan Tustin 0-0: Ball
1-0: Ball
Wild Pitch!
Manny Guerrero scores
Adrian Harris to second
2-0: Foul Ball, location: 7LDF
2-1: Foul Ball, location: 5FF
2-2: Ball
3-2: Foul Ball, location: 2F
3-2: Ground out 4-3 (Groundball, 4, EV 105.6 MPH)
Adrian Harris to third
Batting: RHB Edgar Palomera 0-0: Called Strike
0-1: Ball
1-1: Ball
2-1: Foul Ball, location: 3DF
2-2: Strikes out swinging
Batting: RHB Greg Buchholtz 0-0: Ball
1-0: Called Strike
1-1: Swinging Strike
1-2: Fly out, F7 (Flyball, 7D, EV 108.8 MPH)
Bottom of the 3rd over - 1 run, 1 hit, 0 errors, 1 left on base; Washington (Rk+) 1 - Orem 1
TOP OF THE 4TH
Washington (Rk+) Nationals batting - Pitching for Orem Owlz : RHP Mike Sumrall
Batting: SHB Ross Mitchel 0-0: Called Strike
0-1: Ball
1-1: Ball
2-1: Fly out, F9 (Flyball, 9D, EV 98.1 MPH)
Batting: RHB Jim Miller 0-0: Ball
1-0: Called Strike
1-1: Swinging Strike
1-2: Fly out, F7 (Line Drive, 7, EV 84.4 MPH)
Batting: RHB Bob Ojeda 0-0: Ball
1-0: Fly out, F9 (Flyball, 9D, EV 105.6 MPH)
Top of the 4th over - 0 runs, 0 hits, 0 errors, 0 left on base; Washington (Rk+) 1 - Orem 1
BOTTOM OF THE 4TH
Orem Owlz batting - Pitching for Washington (Rk+) Nationals : RHP Mike Tomlinson
Batting: RHB Bill Payne 0-0: Called Strike
0-1: Ball
1-1: Swinging Strike
1-2: Ball
2-2: Ball
3-2: Foul Ball, location: 25F
3-2: Base on Balls
Batting: RHB Rich Howes 0-0: Called Strike
0-1: Ball
1-1: Ball
2-1: Fly out, F7 (Flyball, 7S, EV 88.1 MPH)
Batting: RHB Brent Little 0-0: Called Strike
0-1: Called Strike
0-2: Strikes out looking
Batting: RHB Brian Hudson 0-0: Ball
1-0: Foul Ball, location: 5F
1-1: Foul Ball, location: 23F
1-2: Strikes out swinging
Bottom of the 4th over - 0 runs, 0 hits, 0 errors, 1 left on base; Washington (Rk+) 1 - Orem 1
TOP OF THE 5TH
Washington (Rk+) Nationals batting - Pitching for Orem Owlz : RHP Mike Sumrall
Batting: RHB Leonard Holmes 0-0: DOUBLE (Line Drive, 9LM, EV 91.9 MPH)
Batting: RHB Josh Alfaro 0-0: Ball
1-0: Sac Bunt to 23 - play at first, batter safe!
Leonard Holmes to third
Batting: LHB Jeremy Paula 0-0: Ball
1-0: Called Strike
1-1: Ball
2-1: Ball
3-1: DOUBLE (Line Drive, 78D, EV 111.3 MPH)
Leonard Holmes scores
Josh Alfaro to third
Batting: RHB Kenny Moyer 0-0: Ground out 6-3 (Groundball, 56, EV 82.5 MPH)
Batting: LHB German Rodriguez 0-0: Ball
1-0: Ball
2-0: Foul Ball, location: 7LSF
2-1: Fly out, F8 (Flyball, 78S, EV 89.4 MPH)
Batting: RHB Gus Novelo 0-0: Swinging Strike
0-1: Swinging Strike
0-2: Strikes out swinging
Top of the 5th over - 1 run, 3 hits, 0 errors, 2 left on base; Washington (Rk+) 2 - Orem 1
BOTTOM OF THE 5TH
Orem Owlz batting - Pitching for Washington (Rk+) Nationals : RHP Mike Tomlinson
Batting: RHB Manny Guerrero 0-0: Called Strike
0-1: Ground out 5-3 (Groundball, 5S, EV 71.9 MPH)
Batting: RHB Adrian Harris 0-0: SINGLE (Groundball, 4MS, EV 70.0 MPH) (infield hit)
Pitching: RHP Ramon Ayala
Batting: LHB Ryan Tustin 0-0: Foul Ball, location: 5SF
0-1: Ball
1-1: SINGLE (Groundball, 4MD, EV 100.6 MPH)
Adrian Harris to second
Batting: RHB Edgar Palomera 0-0: Called Strike
0-1: Called Strike
0-2: Fly out, F4 (Popup, 4, EV 58.1 MPH)
Batting: RHB Greg Buchholtz 0-0: Called Strike
0-1: Foul Ball, location: 9LMF
0-2: Ball
1-2: Foul Ball, location: 7LMF
1-2: Fielders Choice at 2nd, U4 (Groundball, 4M, EV 61.9 MPH)
Bottom of the 5th over - 0 runs, 2 hits, 0 errors, 2 left on base; Washington (Rk+) 2 - Orem 1
TOP OF THE 6TH
Washington (Rk+) Nationals batting - Pitching for Orem Owlz : RHP Mike Sumrall
Batting: SHB Ross Mitchel 0-0: Ball
1-0: Called Strike
1-1: Called Strike
1-2: Foul Ball, location: 7LSF
1-2: Foul Ball, location: 3F
1-2: Ball
2-2: Foul Ball, location: 7LSF
2-2: Strikes out swinging
Pitching: RHP Alex Zarate
Pinch Hitting: LHB Manny Marin 0-0: Fly out, F9 (Flyball, 9LS, EV 71.3 MPH)
Batting: RHB Bob Ojeda 0-0: Ball
1-0: Ball
2-0: Called Strike
2-1: Foul Ball, location: 9LMF
2-2: Strikes out swinging
Top of the 6th over - 0 runs, 0 hits, 0 errors, 0 left on base; Washington (Rk+) 2 - Orem 1
BOTTOM OF THE 6TH
Orem Owlz batting - Pitching for Washington (Rk+) Nationals : RHP Ramon Ayala
Now at 1B: Jose Mora
Batting: RHB Bill Payne 0-0: Ball
1-0: Called Strike
1-1: Ball
2-1: Ball
3-1: Foul Ball, location: 5FF
3-2: Strikes out swinging
Batting: RHB Rich Howes 0-0: Ball
1-0: Fly out, F7 (Flyball, 78S, EV 90.6 MPH)
Batting: RHB Brent Little 0-0: Fly out, F4 (Popup, 4S, EV 78.1 MPH)
Bottom of the 6th over - 0 runs, 0 hits, 0 errors, 0 left on base; Washington (Rk+) 2 - Orem 1
TOP OF THE 7TH
Washington (Rk+) Nationals batting - Pitching for Orem Owlz : RHP Alex Zarate
Batting: RHB Leonard Holmes 0-0: Ball
1-0: Ball
2-0: Swinging Strike
2-1: Ball
3-1: Called Strike
3-2: Foul Ball, location: 2F
3-2: Foul Ball, location: 7LMF
3-2: Foul Ball, location: 2F
3-2: Foul Ball, location: 7LMF
3-2: Base on Balls
Batting: RHB Josh Alfaro 0-0: Ball
Leonard Holmes steals 2nd base
1-0: Foul Ball, location: 9LMF
1-1: Foul Ball, location: 3FF
1-2: Ball
2-2: Ball
3-2: Foul Ball, location: 2F
3-2: Strikes out swinging
Batting: LHB Jeremy Paula 0-0: Intentional Walk
Batting: RHB Kenny Moyer 0-0: SINGLE (Groundball, 6D, EV 98.8 MPH)
Leonard Holmes to third
Jeremy Paula to second
Runner from 3rd tries for Home, SAFE, throw by CF to home
Pitching: LHP Oscar Ramirez
Pinch Hitting: RHB Jeremiah Bell 0-0: Grounds into double play, 6-4-3 (Groundball, 6, EV 88.8 MPH)
Top of the 7th over - 1 run, 1 hit, 0 errors, 1 left on base; Washington (Rk+) 3 - Orem 1
BOTTOM OF THE 7TH
Orem Owlz batting - Pitching for Washington (Rk+) Nationals : RHP Ramon Ayala
Now in CF: Gus Novelo
Now in RF: Victor Cardenas
Batting: RHB Brian Hudson 0-0: Called Strike
0-1: Ball
1-1: Called Strike
1-2: Fly out, F7 (Flyball, 78XD, EV 111.3 MPH)
Batting: RHB Manny Guerrero 0-0: Ball
1-0: DOUBLE (Flyball, 78D, EV 91.3 MPH)
Batting: RHB Adrian Harris 0-0: Foul Ball, location: 7LDF
0-1: Ball
1-1: Called Strike
1-2: Strikes out looking
Pitching: LHP Oscar Huerta
Batting: RHB Glenn Sciancalepore 0-0: Ball
1-0: Ground out U3 (Groundball, 34S, EV 67.5 MPH)
Bottom of the 7th over - 0 runs, 1 hit, 0 errors, 1 left on base; Washington (Rk+) 3 - Orem 1
TOP OF THE 8TH
Washington (Rk+) Nationals batting - Pitching for Orem Owlz : LHP Oscar Ramirez
Pitching: RHP Rory Sprandel
Batting: RHB Gus Novelo 0-0: Ground out 3-1 (Groundball, 34, EV 82.5 MPH)
Batting: SHB Ross Mitchel 0-0: Ball
1-0: Ball
2-0: Ball
3-0: Called Strike
3-1: Called Strike
3-2: Foul Ball, location: 7LMF
3-2: Foul Ball, location: 2F
3-2: Foul Ball, location: 3FF
3-2: Base on Balls
Batting: RHB Jose Mora 0-0: Ball
1-0: Foul Ball, location: 9LMF
1-1: Ground out 6-3 (Groundball, 6S, EV 68.1 MPH)
Ross Mitchel to second
Batting: RHB Bob Ojeda 0-0: Ground out 6-3 (Groundball, 6, EV 83.8 MPH)
Top of the 8th over - 0 runs, 0 hits, 0 errors, 1 left on base; Washington (Rk+) 3 - Orem 1
BOTTOM OF THE 8TH
Orem Owlz batting - Pitching for Washington (Rk+) Nationals : LHP Oscar Huerta
Pitching: RHP Erick Medrano
Batting: RHB Edgar Palomera 0-0: Called Strike
0-1: Foul Ball, location: 2F
0-2: Ball
1-2: Ball
2-2: Ball
3-2: Base on Balls
Batting: RHB Greg Buchholtz 0-0: Foul Ball, location: 5F
0-1: Ball
1-1: Fly out, F4 (Popup, 4, EV 58.8 MPH)
Batting: RHB Bill Payne 0-0: Ball
1-0: Ball
2-0: Ball
3-0: Called Strike
3-1: Base on Balls
Edgar Palomera to second
Batting: RHB Rich Howes 0-0: Ball
1-0: SINGLE (Groundball, 56D, EV 97.5 MPH)
Edgar Palomera to third
Bill Payne to second
Runner from 3rd tries for Home, SAFE, throw by LF to home
Pinch Hitting: RHB Dave Blair 0-0: Swinging Strike
0-1: Ball
1-1: Foul Ball, location: 9LMF
1-2: Ball
2-2: Foul Ball, location: 7LSFF
2-2: Ball
3-2: SINGLE (Groundball, 6D, EV 97.5 MPH)
Bill Payne to third
Rich Howes to second
Runner from 3rd tries for Home, SAFE, throw by CF to home
Pinch Hitting: RHB Steve Scanlon 0-0: Ball
1-0: Called Strike
1-1: Ball
2-1: Ball
3-1: Called Strike
3-2: Base on Balls
Rich Howes to third
Dave Blair to second
Batting: RHB Manny Guerrero 0-0: Ball
1-0: Ball
2-0: TRIPLE (Line Drive, 9LD, EV 108.8 MPH)
Rich Howes scores
Dave Blair scores
Steve Scanlon scores
Batting: RHB Adrian Harris 0-0: Intentional Walk
Pitching: RHP Dustin Tortorici
Batting: RHB Glenn Sciancalepore 0-0: Grounds into double play, 4-6-3 (Groundball, 4, EV 80.6 MPH)
Bottom of the 8th over - 5 runs, 3 hits, 0 errors, 1 left on base; Washington (Rk+) 3 - Orem 6
TOP OF THE 9TH
Washington (Rk+) Nationals batting - Pitching for Orem Owlz : RHP Rory Sprandel
Pitching: LHP Steve Markussen
Now at C: Kyle Reavis
Now at SS: Luis Trevino
Now in LF: Dave Blair
Batting: RHB Leonard Holmes 0-0: TRIPLE (Flyball, 78XD, EV 90.0 MPH)
Batting: RHB Josh Alfaro 0-0: Ball
1-0: Foul Ball, location: 2F
1-1: Foul Ball, location: 5F
1-2: Ground out U3 (Groundball, 3S, EV 83.8 MPH)
Pinch Hitting: RHB Ian Daley 0-0: SINGLE (Groundball, 4MD, EV 106.3 MPH)
Leonard Holmes scores
Batting: RHB Kenny Moyer 0-0: Foul Ball, location: 25F
0-1: Ball
1-1: Ball
2-1: Swinging Strike
2-2: Grounds into double play, 4-6-3 (Groundball, 4, EV 91.9 MPH)
Top of the 9th over - 1 run, 2 hits, 0 errors, 0 left on base; Washington (Rk+) 4 - Orem 6
Tuesday, May 14th , 2024 - OOTP Baseball 24.11 Build 85